 Dungeon Crawl Stone Soup version 0.30-a0-857-gcaf7073 (webtiles) character file.

Game seed: 5583514655501896232

8747 Illumine the Destroyer (level 11, -13/67 HPs)
             Began as a Gargoyle Earth Elementalist on Mar 5, 2023.
             Was an Initiate of Gozag.
             Mangled by Snorg (19 damage)
             ... on level 10 of the Dungeon.
             The game lasted 00:21:40 (16628 turns).

Illumine the Destroyer (GrEE)                      Turns: 16628, Time: 00:21:41

Health: -13/67     AC: 20    Str: 13    XL:     11   Next: 35%
Magic:  5/22       EV: 13    Int: 19    God:    Gozag
Gold:   990        SH:  0    Dex: 10    Spells: 18/25 levels left

rFire   + + .      SeeInvis +    H - +5 hand axe of Zisoinos {heavy, rF+ rC+ SInv}
rCold   + . .      Faith    .    (no shield)
rNeg    + . .      Spirit   .    I - +2 robe {rF+}
rPois   ∞          Reflect  .    k - +0 helmet
rElec   +          Rampage  .    (no cloak)
rCorr   .                        M - +1 pair of gloves
Will    +....                    w - +0 pair of boots
Stlth   ++                       Q - amulet of magic regeneration
HPRegen 0.31/turn                K - ring of willpower
MPRegen 0.58/turn                L - +4 ring of protection

@: no status effects
A: sickness immunity, AC +8, negative energy resistance 1, electricity
resistance, torment resistance 1, petrification resistance
a: Renounce Religion, Potion Petition, Call Merchant, Bribe Branch


You were on level 10 of the Dungeon.
You worshipped Gozag.
Gozag was pleased with you.
You visited 3 branches of the dungeon, and saw 14 of its levels.

You collected 1539 gold pieces.
You spent 390 gold pieces at shops.
You paid 159 gold pieces to Gozag.

Inventory:

Hand Weapons
 o - a +0 mace
 p - a +0 dagger of venom
 r - a +0 quarterstaff
 H - the +5 hand axe of Zisoinos (weapon) {heavy, rF+ rC+ SInv}
   (You found it on level 7 of the Dungeon)

   rF:        It protects you from fire.
   rC:        It protects you from cold.
   SInv:      It lets you see invisible.
 P - a +0 broad axe
Missiles
 a - 3 atropa-tipped darts (quivered)
 C - 23 poisoned darts
 T - a throwing net
Armour
 k - a +0 helmet (worn)
 w - a +0 pair of boots (worn)
 I - a +2 robe of fire resistance (worn)
 M - a +1 pair of gloves (worn)
Jewellery
 E - a ring of protection from cold
 K - a ring of willpower (left hand)
 L - a +4 ring of protection (right hand)
 Q - an amulet of magic regeneration (around neck)
Wands
 q - a wand of polymorph (2)
 A - a wand of iceblast (17)
 F - a wand of paralysis (7)
 N - a wand of acid (4)
Scrolls
 c - 3 scrolls of teleportation
 e - 2 scrolls of poison
 g - a scroll of vulnerability
 h - a scroll of blinking
 i - 4 scrolls of noise {unknown}
 s - a scroll of immolation {unknown}
 u - 2 scrolls of brand weapon {unknown}
 x - a scroll of fear {unknown}
 y - 2 scrolls of magic mapping
 z - 3 scrolls of fog {unknown}
 G - a scroll of amnesia {unknown}
 J - a scroll of enchant armour {unknown}
Potions
 b - 3 potions of magic
 d - 4 potions of curing
 f - 6 potions of mutation
 j - a potion of haste
 l - a potion of heal wounds
 m - 2 potions of lignification
 n - 4 potions of might
 t - 2 potions of invisibility {unknown}
 v - 2 potions of flight {unknown}
 B - 2 potions of brilliance {unknown}
 D - 2 potions of attraction {unknown}
 O - 2 potions of cancellation {unknown}
 R - a potion of ambrosia {unknown}
 S - 2 potions of berserk rage {unknown}


   Skills:
 + Level 7.4 Fighting
 + Level 5.1 Axes
 - Level 1.8 Armour
 + Level 4.9 Dodging
 - Level 2.1 Stealth
 + Level 7.5 Spellcasting
 + Level 8.7 Conjurations
 - Level 0.7 Transmutations
 - Level 4.0 Air Magic
 - Level 8.0 Earth Magic


You had 18 spell levels left.
You knew the following spells:

 Your Spells              Type           Power      Damage    Failure   Level
a - Sandblast             Erth           74%        2d16      1%          1
b - Stone Arrow           Conj/Erth      78%        3d11      1%          3
c - Swiftness             Air            22%        N/A       5%          3

Your spell library contained the following spells:

 Spells                   Type           Power      Damage    Failure   Level
 Passwall                 Tmut/Erth      19%        N/A       2%          2
 Ensorcelled Hibernation  Hex/Ice        14%        N/A       14%         2
 Petrify                  Tmut/Erth      23%        N/A       16%         4
 Leda's Liquefaction      Hex/Erth       11%        N/A       19%         4
 Call Canine Familiar     Summ           7%         N/A       28%         3
 Portal Projectile        Hex/Tloc       14%        N/A       28%         3
 Tukima's Dance           Hex            7%         N/A       28%         3
 Blade Hands              Tmut           4%         N/A       89%         5
 Metabolic Englaciation   Hex/Ice        3%         N/A       95%         5
 Statue Form              Tmut/Erth      Unusable   N/A       N/A         6

Dungeon Overview and Level Annotations

Branches:
Dungeon (12/15)            Temple (1/1) D:7             Orc (1/2) D:11
   Lair: D:8-11

Altars:
Dithmenos
Fedhas
Gozag
Kikubaaqudgha
Makhleb
Qazlal
Sif Muna
Xom
Zin
The Shining One

Shops:
D:10 *[=

Annotations:
D:9 3 runed translucent doors, Dega's ghost, journeyman SpHu
D:10 Snorg


Innate Abilities, Weirdness & Mutations

You are immune to sickness and miasma.
Your stone body is resilient. (AC +8)
You are immune to poison.
You resist negative energy. (rN+)
You are resistant to electric shocks. (rElec)
You are resistant to unholy torment.
You are immune to petrification.


Message History

The stone arrow hits Snorg!
Snorg is heavily wounded.
Snorg closely misses you. Snorg claws you. x2
Casting: Stone Arrow (safe; 1% risk of failure)
Confirm with . or Enter, or press ? or * to list all spells.
Aiming: Stone Arrow (safe; 1% risk of failure)
Press: ? - help, Shift-Dir - straight line, f/p - Snorg
Aim: Snorg (heavily wounded, berserk, 74% to hit)
The stone arrow hits Snorg!
Snorg is severely wounded.
Snorg bites you. Snorg misses you. Snorg claws you but does no damage.
Snorg bites you! Snorg claws you! Snorg claws you but does no damage.
Casting: Stone Arrow (safe; 1% risk of failure)
Confirm with . or Enter, or press ? or * to list all spells.
Aiming: Stone Arrow (safe; 1% risk of failure)
Press: ? - help, Shift-Dir - straight line, f/p - Snorg
Aim: Snorg (severely wounded, berserk, 74% to hit)
The stone arrow hits Snorg!
Snorg is almost dead.
Snorg bites you!
* * * LOW HITPOINT WARNING * * *
Snorg claws you!
* * * LOW HITPOINT WARNING * * *
Snorg misses you.
Casting: Stone Arrow (safe; 1% risk of failure)
Confirm with . or Enter, or press ? or * to list all spells.
Aiming: Stone Arrow (safe; 1% risk of failure)
Press: ? - help, Shift-Dir - straight line, f/p - Snorg
Aim: Snorg (severely wounded, berserk, 74% to hit)
The stone arrow hits Snorg!
Snorg is almost dead.
Snorg bites you.
* * * LOW HITPOINT WARNING * * *
Snorg claws you.
* * * LOW HITPOINT WARNING * * *
Snorg claws you.
* * * LOW HITPOINT WARNING * * *
Snorg bites you!!
You die...
Your body crumbles into a pile of gold.

#V## #..... #..# #####'
###T##### #. #>......# ###
#.......# ###.. #...8.>.#
#######.... #.......#
#######.......#..
#...<...#####.......#######..
#.......##.T@>####### #..
#...∩.V...<#### #..
#.......#### ##. #...8...#
###. #.......# #... #.......#
#... #.......# #### #########
# #


You could see Snorg (berserk) and a vampire.

Vanquished Creatures
  A boulder beetle (D:11)
  A komodo dragon (D:11)
  2 trolls (D:11)
  4 slime creatures (D:9)
  A vampire (D:11)
  2 wraiths
  5 yaks (D:10)
  3 wyverns
  A steam dragon (D:7)
  A vampire mosquito (D:11)
  Menkaure (D:6)
  Edmund (D:5)
  An acid dragon (D:11)
  A water moccasin (D:7)
  An ice beast (D:7)
  9 orc warriors
  2 sky beasts (D:7)
  2 black bears (D:6)
  2 ogres
  7 centaurs
  A phantom (D:6)
  A kobold brigand (D:9)
  Blork the orc (D:5)
  2 bullfrogs
  3 scorpions
  10 wights
  3 killer bees (D:8)
  2 howler monkeys (D:7)
  3 hounds
  A gnoll bouda (D:5)
  3 jellies
  11 orc priests
  2 sleepcaps
  2 iguanas
  Natasha (thrice) (D:2)
  11 orc wizards
  4 adders
  3 gnolls (D:5)
  3 shadow imps
  2 white imps
  3 ufetubi
  3 worms
  2 dart slugs
  62 orcs
  3 ball pythons
  7 bats
  4 endoplasms
  2 giant cockroaches (D:3)
  5 goblins
  4 hobgoblins
  A jackal (D:1)
  2 quokkas
  3 frilled lizards
  12 kobolds
  9 rats
241 creatures vanquished.

Vanquished Creatures (others)
  A plant (D:8)
1 creature vanquished.

Grand Total: 242 creatures vanquished

Notes
Turn   | Place    | Note
-------+----------+-------------------------------------------
     0 | D:1      | Illumine the Gargoyle Earth Elementalist began the quest
                  | for the Orb.
     0 | D:1      | Reached XP level 1. HP: 10/10 MP: 3/3
   574 | D:1      | Reached XP level 2. HP: 15/15 MP: 3/5
  1497 | D:2      | Noticed Natasha
  1500 | D:2      | Noticed a crimson imp
  1500 | D:2      | Killed Natasha
  1501 | D:2      | Reached XP level 3. HP: 19/19 MP: 4/7
  1505 | D:2      | Learned a level 3 spell: Stone Arrow
  1927 | D:2      | Noticed Natasha
  2494 | D:2      | Killed Natasha
  2495 | D:2      | Reached skill level 1 in Conjurations
  2495 | D:2      | Reached XP level 4. HP: 24/24 MP: 5/8
  3079 | D:2      | Noticed Natasha
  3098 | D:3      | Noticed a scorpion
  3127 | D:2      | Killed Natasha
  3261 | D:3      | Reached skill level 5 in Earth Magic
  3601 | D:3      | Reached XP level 5. HP: 28/28 MP: 7/9
  4294 | D:4      | Noticed an ogre
  4298 | D:4      | Killed an ogre
  4299 | D:4      | Reached XP level 6. HP: 32/32 MP: 4/11
  5058 | D:5      | Entered Level 5 of the Dungeon
  5142 | D:4      | Learned a level 3 spell: Swiftness
  5210 | D:5      | Reached XP level 7. HP: 36/36 MP: 2/13
  5296 | D:5      | Reached skill level 1 in Air Magic
  5381 | D:5      | Noticed Blork the orc
  5386 | D:5      | Noticed Edmund
  5387 | D:5      | Killed Blork the orc
  5584 | D:5      | Reached skill level 1 in Fighting
  6051 | D:6      | Noticed Menkaure
  6054 | D:6      | Killed Menkaure
  6161 | D:6      | Found a stormy altar of Qazlal.
  6166 | D:6      | Reached XP level 8. HP: 42/44 MP: 7/14
  6218 | D:6      | Found a glowing silver altar of Zin.
  6404 | D:6      | Reached skill level 5 in Conjurations
  7320 | D:7      | Found an ancient bone altar of Kikubaaqudgha.
  8005 | D:7      | Reached skill level 5 in Spellcasting
  8070 | D:7      | Found a blossoming altar of Fedhas.
  8074 | D:7      | Reached XP level 9. HP: 51/51 MP: 9/16
  8130 | D:7      | Found a staircase to the Ecumenical Temple.
  8713 | D:7      | Identified the +5 hand axe of Zisoinos {heavy, rF+ rC+
                  | SInv}
  9241 | D:6      | Found a glowing silver altar of Zin.
  9241 | D:6      | Found a stormy altar of Qazlal.
  9750 | D:6      | Found a stormy altar of Qazlal.
 10676 | D:5      | Killed Edmund
 10840 | D:6      | Found a stormy altar of Qazlal.
 10866 | D:6      | Found a glowing silver altar of Zin.
 11518 | Temple   | Entered the Ecumenical Temple
 11546 | Temple   | Became a worshipper of Gozag Ym Sagoz the Greedy
 11657 | D:8      | Reached skill level 1 in Axes
 11660 | D:8      | Reached skill level 1 in Armour
 12085 | D:8      | Noticed an elephant
 12969 | D:9      | Found a shimmering altar of Xom.
 12969 | D:9      | Found a shimmering altar of Xom.
 12969 | D:9      | Found a shimmering altar of Xom.
 12969 | D:9      | Found a shimmering altar of Xom.
 12969 | D:9      | Found a shimmering altar of Xom.
 12970 | D:9      | Noticed a troll
 12988 | D:9      | Found a glowing golden altar of the Shining One.
 13071 | D:9      | Found a shimmering altar of Xom.
 13071 | D:9      | Found a shimmering altar of Xom.
 13198 | D:9      | Found a runed translucent gate.
 13198 | D:9      | Noticed Dega's ghost (journeyman SpHu)
 13199 | D:9      | Found a runed translucent gate.
 13203 | D:9      | Found a runed translucent gate.
 13220 | D:9      | Reached XP level 10. HP: 30/58 MP: 2/18
 13225 | D:9      | Reached skill level 5 in Fighting
 13319 | D:9      | Identified the +0 ice dragon scales "Kegguff" {rF- rC++
                  | Int+6 SInv}
 14160 | D:10     | Entered Level 10 of the Dungeon
 14160 | D:10     | Found Mircho Mena's General Store.
 14161 | D:10     | Noticed Snorg
 14792 | D:10     | Found Alyus's Armour Boutique.
 14819 | D:10     | Found Cemosogg's Jewellery Boutique.
 14823 | D:10     | Bought an amulet of magic regeneration for 300 gold pieces
 14998 | D:10     | Bought a scroll of blinking for 90 gold pieces
 15018 | D:11     | Noticed a two-headed ogre
 15201 | D:11     | Found a staircase to the Orcish Mines.
 15399 | D:11     | Reached XP level 11. HP: 36/66 MP: 21/21
 15699 | Orc:1    | Entered Level 1 of the Orcish Mines
 15858 | Orc:1    | Noticed an orc sorcerer
 16053 | Orc:1    | Noticed an orc high priest
 16076 | D:12     | Noticed a red ugly thing
 16076 | D:12     | Noticed a skeletal warrior
 16076 | D:12     | Noticed a skeletal warrior
 16076 | D:12     | Noticed a skeletal warrior
 16076 | D:12     | Noticed a skeletal warrior
 16076 | D:12     | Noticed a skeletal warrior
 16305 | D:11     | Noticed a boulder beetle
 16327 | D:11     | Killed a boulder beetle
 16328 | D:11     | Reached skill level 5 in Axes
 16628 | D:10     | Mangled by Snorg

Illustrated notes

Levels and vault maps discovered:
D:1:      dpeg_arrival_orchard, layout_basic, serial_rivers,
          chequers_serial_rivers_micro_e, chequers_serial_rivers_small_b,
          chequers_serial_rivers_room_a, chequers_serial_rivers_micro_d,
          chequers_serial_rivers_micro_b, serial_bayou_pond_a, st_stairs_6,
          minmay_pentomino_z2
D:2:      layout_basic, uniq_natasha
D:3:      layout_rooms, minmay_misc_feat_iff
D:4:      layout_basic, hex_tiny
D:5:      layout_basic, uniq_blork_the_orc, uniq_edmund
D:6:      layout_loops_ring, mainiacjoe_overflow_large_starburst,
          nrook_mini_backslash, grunt_decor_one_mirror,
          nicolae_elevator_lobby_asterisk, uniq_menkaure
D:7:      layout_gridville, mainiacjoe_overflow_six_doors_small,
          kiku_gazebo_pond_becter, minmay_temple_entry_drinking_statues
D:8:      layout_basic, david_lair_generic, uniq_erica
D:9:      layout_irregular_city, mainiacjoe_overflow_tiny_flanked,
          nicolae_xom_altar_mimics, biasface_ghost_orc_armoury
D:10:     layout_roguey, serial_shops, shop_statue, nicolae_square_shop,
          shop_fountains, kennysheep_little_box, dreamdust_princess_corridor,
          uniq_snorg, uniq_joseph
D:11:     layout_cave_pools, minmay_orc_entry_temple_small
D:12:     layout_long_grid, grunt_ministairs_10, drop_trap,
          minmay_misc_feat_alley
Temple:   regret_index_temple_sphere_string
Orc:1:    layout_diamond_mine

Skill      XL: |  1  2  3  4  5  6  7  8  9 10 11 |
---------------+----------------------------------+-----
Earth Magic    | 4 5 6 7 8 |  8.0
Spellcasting   | 3 4 5 7 |  7.5
Conjurations   | 1 2 3 4 5 6 8 |  8.7
Air Magic      | 2 3 4 |  4.0
Fighting       | 1 3 4 6 7 |  7.4
Dodging        | 2 3 4 |  4.9
Axes           | 2 4 5 |  5.1
Armour         | 1 |  1.8
Stealth        | |  2.1
Transmutations | |  0.7

Action                     |  1- 3 |  4- 6 |  7- 9 | 10-12 || total
---------------------------+-------+-------+-------+-------++-------
  Melee: Unarmed           |       |     2 |       |       ||     2
         Quarterstaff      |       |     5 |     6 |       ||    11
         Hand axe          |       |       |    15 |    83 ||    98
         Punch             |       |       |     1 |     3 ||     4
  Throw: Dart              |       |       |     1 |       ||     1
   Cast: Sandblast         |    41 |    61 |    37 |     4 ||   143
         Stone Arrow       |       |    11 |   136 |   123 ||   270
  Evoke: Wand              |       |       |       |     3 ||     3
    Use: Scroll            |       |       |    13 |     3 ||    16
         Potion            |       |       |     4 |     1 ||     5
 Armour: Robe              |     2 |     9 |    65 |   130 ||   206
  Dodge: Dodged            |     1 |    20 |    99 |   179 ||   299

Table legend: (Time is in decaauts)
 A = Elapsed time spent in this place.
 B = Non-inter-level travel time spent in this place.
 C = Inter-level travel time spent in this place.
 D = Time resting spent in this place.
 E = Time spent auto-exploring this place.
 F = Levels seen in this place.
 G = Mean time per level.
                   A        B        C        D        E       F      G
               +--------+--------+--------+--------+--------+-----+--------+
         Total |  16758 |  15973 |    785 |   2044 |  11855 |  14 | 1197.0 |
       Dungeon |  16547 |  15787 |    760 |   2044 |  11763 |  12 | 1378.9 |
        Temple |     41 |     29 |     12 |      0 |     15 |   1 |   41.0 |
  Orcish Mines |    169 |    157 |     12 |      0 |     77 |   1 |  169.0 |
               +--------+--------+--------+--------+--------+-----+--------+

Top non-repeatable levels by time:
     D:6: 3110 daAuts
     D:2: 2301 daAuts
     D:9: 1859 daAuts
     D:7: 1788 daAuts
    D:11: 1471 daAuts
     D:5: 1399 daAuts
     D:1: 1209 daAuts
     D:4: 956 daAuts
     D:8: 941 daAuts
    D:10: 769 daAuts
     D:3: 735 daAuts
   Orc:1: 169 daAuts
  Temple: 41 daAuts
    D:12: 1 daAuts
